 Dungeon Crawl Stone Soup version 0.30-a0-341-g682706514a (webtiles) character file.

Game seed: 13322649510021485829

17828 retardedninja the Cleaver (level 12, -2/113 HPs)
             Began as a Hill Orc Fighter on Nov 3, 2022.
             Was an Initiate of Gozag.
             Slain by a fenstrider witch skeleton (11 damage)
             ... on level 2 of the Abyss.
             The game lasted 00:22:05 (13529 turns).

retardedninja the Cleaver (Hill Orc Fighter)       Turns: 13529, Time: 00:22:06

Health: -2/113     AC: 27    Str: 32    XL:     12   Next: 52%
Magic:  12/12      EV:  8    Int:  8    God:    Gozag
Gold:   488        SH:  9    Dex: 13    Spells: 11/11 levels left

rFire   . . .      SeeInvis +    d - +6 hammer of the Five Seers {flame, Will- rCorr Str+2 Dex+3 SInv}
rCold   . . .      Faith    .    r - +2 buckler {rPois}
rNeg    . . .      Spirit   .    E - +4 plate armour
rPois   +          Reflect  .    u - +2 helmet
rElec   .          Harm     .    p - +0 cloak
rCorr   +          Rampage  .    F - +0 pair of gloves
Will    .....                    c - +0 pair of boots
Stlth   ..........               m - amulet of regeneration
HPRegen 1.18/turn                t - +4 ring of slaying
MPRegen 0.13/turn                y - +6 ring of strength

@: mighty, about to teleport
A: no striking features
a: Renounce Religion, Potion Petition, Call Merchant, Bribe Branch


You were on level 2 of the Abyss.
You worshipped Gozag.
Gozag was aware of your devotion.
You visited 3 branches of the dungeon, and saw 13 of its levels.
You visited the Abyss 1 time.

You collected 1965 gold pieces.
You spent 90 gold pieces at shops.
You paid 1387 gold pieces to Gozag.

Inventory:

Hand Weapons
 d - the +6 hammer of the Five Seers (weapon) {flame, Will- rCorr Str+2 Dex+3 SInv}
   (You found it on level 2 of the Dungeon)

   It burns those it strikes, dealing additional fire damage.
   Str:       It affects your strength (+2).
   Dex:       It affects your dexterity (+3).
   SInv:      It lets you see invisible.
   rCorr:     It protects you from acid and corrosion.
   Will:      It decreases your willpower.
Missiles
 v - 4 boomerangs
 A - 2 throwing nets
Armour
 c - a +0 pair of boots (worn)
 p - a +0 cloak (worn)
 r - a +2 buckler of poison resistance (worn)
 u - a +2 helmet (worn)
 E - a +4 plate armour (worn)
 F - a +0 pair of gloves (worn)
Jewellery
 a - the ring of Jeach {rPois Str+3 Dex+4}
   (You found it on level 1 of the Lair of Beasts)

   [ring of poison resistance]

   Str:       It affects your strength (+3).
   Dex:       It affects your dexterity (+4).
   rPois:     It protects you from poison.
 m - an amulet of regeneration (around neck)
 t - a +4 ring of slaying (left hand)
 y - a +6 ring of strength (right hand)
Wands
 b - a wand of polymorph (7)
 i - a wand of mindburst (12)
 s - a wand of paralysis (15)
 z - a wand of flame (23) (quivered)
 J - a wand of iceblast (15)
Scrolls
 f - a scroll of butterflies
 g - a scroll of teleportation
 l - a scroll of magic mapping
 D - 2 scrolls of identify
 G - a scroll of acquirement {unknown}
Potions
 e - 4 potions of mutation
 j - 2 potions of brilliance
 k - 2 potions of curing
 o - a potion of ambrosia {unknown}
 q - a potion of cancellation
 w - 2 potions of degeneration
 x - 2 potions of magic
 B - 2 potions of invisibility {unknown}
 C - a potion of berserk rage {unknown}
 I - a potion of lignification {unknown}


   Skills:
 + Level 12.6 Fighting
 + Level 13.3 Axes
 + Level 11.6 Armour
 + Level 11.6 Shields


You had 11 spell levels left.
You didn't know any spells.
Your spell library contained the following spells:

 Spells                   Type           Power      Damage    Failure   Level
 Magic Dart               Conj           0%         1d3       97%         1
 Sandblast                Erth           0%         2d4       97%         1
 Call Imp                 Summ           0%         N/A       99%         2
 Cigotuvi's Dreadful Rot  Necr/Pois/Air  0%         N/A       99%         2
 Ensorcelled Hibernation  Hex/Ice        0%         N/A       99%         2
 Passwall                 Tmut/Erth      0%         N/A       99%         2
 Mephitic Cloud           Conj/Pois/Air  0%         N/A       100%        3
 Spider Form              Tmut/Pois      0%         N/A       100%        3
 Stone Arrow              Conj/Erth      0%         3d7       100%        3
 Vhi's Electric Charge    Tloc/Air       0%         N/A       100%        3
 Anguish                  Hex/Necr       0%         N/A       100%        4
 Dispel Undead            Necr           0%         3d6       100%        4
 Arcjolt                  Conj/Air       0%         1d10      100%        5
 Freezing Cloud           Conj/Ice/Air   0%         6-21      100%        5
 Death Channel            Necr           0%         N/A       100%        6
 Maxwell's Capacitive Co  Air            0%         ∞         100%        8
 Polar Vortex             Ice            0%         N/A       100%        9
 Simulacrum               Ice/Necr       Unusable   N/A       N/A         6

Dungeon Overview and Level Annotations

Branches:
Dungeon (10/15)            Temple (1/1) D:7            Lair (2/5) D:9
  Swamp: Lair:2-3    Shoals: Lair:2-3     Snake: Lair:2-3    Spider: Lair:2-3
    Orc: D:9-12

Altars:
Ashenzari
Cheibriados
Dithmenos
Elyvilon
Fedhas
Gozag
Hepliaklqana
Kikubaaqudgha
Makhleb
Nemelex Xobeh
Okawaru
Qazlal
Ru
Sif Muna
Trog
Uskayaw
Vehumet
Wu Jian
Xom
Yredelemnul
Zin
The Shining One

Shops:
D:3 ?

Annotations:
D:8 3 runed translucent doors
Lair:2 Sonja


Message History

You burn the fenstrider witch skeleton!
The fenstrider witch skeleton is heavily damaged.
A starcursed mass comes into view.
The fenstrider witch skeleton hits you.
* * * LOW HITPOINT WARNING * * *
The fenstrider witch skeleton kicks you but does no damage.
Unknown command.
You sock the fenstrider witch skeleton! You burn the fenstrider witch skeleton.
The fenstrider witch skeleton is severely damaged.
A starcursed mass splits.
The fenstrider witch skeleton hits you!
* * * LOW HITPOINT WARNING * * *
You block the fenstrider witch skeleton's attack.
The fenstrider witch skeleton hits you but does no damage.
The fenstrider witch skeleton kicks you but does no damage.
You barely miss the fenstrider witch skeleton.
The fenstrider witch skeleton is severely damaged.
The fenstrider witch skeleton barely misses you.
The fenstrider witch skeleton kicks you but does no damage.
A starcursed mass splits.
Unknown command.
You bludgeon the fenstrider witch skeleton!!
You burn the fenstrider witch skeleton.
The fenstrider witch skeleton is almost destroyed.
The fenstrider witch skeleton hits you but does no damage.
The fenstrider witch skeleton barely misses you.
A starcursed mass splits.
There are monsters nearby!
Unknown command.
As you read the scroll of teleportation, it crumbles to dust.
You feel strangely unstable.
You feel the power of the Abyss delaying your translocation!
The fenstrider witch skeleton closely misses you. x2
It would have no effect in this place.
The fenstrider witch skeleton hits you but does no damage.
The fenstrider witch skeleton closely misses you.
A chorus of shrieks assaults your mind.
* * * LOW HITPOINT WARNING * * *
The fenstrider witch skeleton hits you!
You die...
Your body crumbles into a pile of gold.

# .# # .# .#
.... #. #.#
...##.#..
#.#..#.####
#....#.#..
#....#.# #
.###.#.@.## #.#
#...#..Z.#.#...#
#.........#.# #
....#...XX._..#
#.#.#
#.X.#....... .
#..........#
..#.X#....#..
...........#.#.
...#.#. ###.##


You could see 4 starcursed masses and a fenstrider witch skeleton.

Vanquished Creatures
  Erolcha (D:9)
  A hydra (Lair:1)
  Erica (D:9)
  A two-headed ogre (D:10)
  A large abomination (Abyss:2)
  An oklob plant (Lair:1)
  6 cane toads
  A torpor snail (Lair:2)
  3 komodo dragons
  2 hornets
  A polar bear (Lair:1)
  15 blink frogs
  2 vampires
  15 yaks
  2 vampire mosquitoes (D:10)
  A steam dragon (D:8)
  Edmund (D:5)
  An acid dragon (D:9)
  5 water moccasins
  Duvessa (D:7)
  2 orc warriors (D:9)
  2 black bears
  3 ice beasts
  4 ogres
  8 wolves (Lair:1)
  A centaur (D:10)
  2 phantoms
  4 kobold brigands
  6 bullfrogs
  10 wights
  Dowan (D:7)
  7 killer bees
  3 howler monkeys
  An electric eel (Lair:1)
  A starcursed mass (Abyss:2)
  5 hounds
  An orc priest (D:6)
  Crazy Yiuf (D:2)
  5 jellies
  An iguana (D:4)
  Ijyb (D:5)
  8 orc wizards
  4 adders
  2 white imps
  An ufetubus (D:5)
  6 worms
  5 dart slugs
  41 orcs
  7 bats
  An endoplasm (D:1)
  2 giant cockroaches
  5 goblins
  6 hobgoblins
  4 jackals (D:1)
  22 kobolds
  3 quokkas
  4 ball pythons
  5 frilled lizards
  7 rats
264 creatures vanquished.

Vanquished Creatures (collateral kills)
  A raiju (Abyss:2)
  2 starcursed masses (Abyss:2)
3 creatures vanquished.

Vanquished Creatures (others)
  2 kobolds (D:8)
  10 fungi
  10 plants
22 creatures vanquished.

Grand Total: 289 creatures vanquished

Notes
Turn   | Place    | Note
-------+----------+-------------------------------------------
     0 | D:1      | retardedninja the Hill Orc Fighter began the quest for the
                  | Orb.
     0 | D:1      | Reached XP level 1. HP: 19/19 MP: 1/1
   155 | D:1      | Reached XP level 2. HP: 27/27 MP: 2/2
   157 | D:1      | Reached skill level 3 in Axes
   601 | D:2      | Found a runed translucent door.
   602 | D:2      | Noticed Crazy Yiuf
   687 | D:2      | Found a faded altar of an unknown god.
   727 | D:2      | Reached XP level 3. HP: 31/33 MP: 3/3
  1100 | D:2      | Reached XP level 4. HP: 40/40 MP: 4/4
  1420 | D:2      | Killed Crazy Yiuf
  1427 | D:2      | Identified the +6 hammer of the Five Seers {flame, Will-
                  | rCorr Str+2 Dex+3 SInv}
  1657 | D:3      | Found an iron altar of Okawaru.
  1768 | D:3      | Found Fejops's Magic Scroll Boutique.
  1789 | D:3      | Bought a scroll of enchant armour for 90 gold pieces
  1981 | D:3      | Reached skill level 4 in Axes
  1981 | D:3      | Reached XP level 5. HP: 47/47 MP: 5/5
  2586 | D:4      | Reached skill level 5 in Fighting
  2603 | D:4      | Reached XP level 6. HP: 52/56 MP: 6/6
  2933 | D:5      | Entered Level 5 of the Dungeon
  3058 | D:5      | Noticed Ijyb
  3067 | D:5      | Killed Ijyb
  3076 | D:5      | Reached skill level 5 in Axes
  3239 | D:5      | Reached skill level 5 in Armour
  3242 | D:5      | Reached skill level 5 in Shields
  3296 | D:5      | Reached XP level 7. HP: 61/61 MP: 7/7
  3745 | D:5      | Noticed Edmund
  3767 | D:5      | Killed Edmund
  4400 | D:6      | Reached skill level 6 in Axes
  4458 | D:6      | Reached XP level 8. HP: 55/71 MP: 8/8
  4979 | D:6      | Reached skill level 7 in Axes
  5525 | D:7      | Noticed a hornet
  5531 | D:7      | Paralysed by a hornet for 2 turns
  5535 | D:7      | Killed a hornet
  5545 | D:7      | Reached XP level 9. HP: 51/80 MP: 9/9
  5891 | D:7      | Found a sparkling altar of Nemelex Xobeh.
  5904 | D:7      | Reached skill level 8 in Axes
  5928 | D:7      | Noticed Duvessa
  5931 | D:7      | Noticed Dowan
  5935 | D:7      | Killed Duvessa
  5951 | D:7      | Killed Dowan
  6551 | D:7      | You fall into a shaft and drop 1 floor!
  6604 | D:8      | Found a runed translucent gate.
  6604 | D:8      | Found a runed translucent gate.
  6604 | D:8      | Found a runed translucent gate.
  6606 | D:8      | Noticed a brown ugly thing
  6606 | D:8      | Noticed a red ugly thing
  6607 | D:8      | Noticed a red ugly thing
  6607 | D:8      | Noticed a green ugly thing
  6608 | D:8      | Noticed a cyan ugly thing
  6608 | D:8      | Noticed a glowing orange brain
  6672 | D:8      | Reached skill level 9 in Axes
  6877 | D:7      | Found a staircase to the Ecumenical Temple.
  7070 | Temple   | Entered the Ecumenical Temple
  7080 | Temple   | Became a worshipper of Gozag Ym Sagoz the Greedy
  7899 | D:9      | Found a staircase to the Lair.
  7899 | D:9      | Noticed a hornet
  7908 | D:9      | Killed a hornet
  7909 | D:9      | Reached XP level 10. HP: 85/91 MP: 10/10
  7942 | D:9      | Noticed Erolcha
  7983 | D:9      | Killed Erolcha
  8219 | D:9      | Noticed a moth of wrath
  8222 | D:9      | Found a bloodstained altar of Trog.
  8502 | D:9      | Noticed Erica
  8510 | D:9      | Killed Erica
  8511 | D:9      | Reached skill level 10 in Axes
  8803 | D:10     | Entered Level 10 of the Dungeon
  8970 | D:10     | Reached skill level 10 in Fighting
  9574 | D:10     | Found a snail-covered altar of Cheibriados.
  9575 | D:10     | Found an ancient bone altar of Kikubaaqudgha.
  9575 | D:10     | Found a hazy altar of Hepliaklqana.
  9575 | D:10     | Found a sacrificial altar of Ru.
  9576 | D:10     | Found a shimmering altar of Xom.
  9576 | D:10     | Found a stormy altar of Qazlal.
  9577 | D:10     | Found a glowing golden altar of the Shining One.
  9577 | D:10     | Found a basalt altar of Yredelemnul.
  9577 | D:10     | Found a burning altar of Makhleb.
  9579 | D:10     | Found a broken altar of Ashenzari.
  9579 | D:10     | Found a shadowy altar of Dithmenos.
  9579 | D:10     | Found a hide-covered altar of Uskayaw.
  9612 | D:10     | Noticed a two-headed ogre
  9626 | D:10     | Killed a two-headed ogre
  9627 | D:10     | Reached skill level 11 in Axes
  9627 | D:10     | Reached XP level 11. HP: 65/101 MP: 11/11
 10669 | Lair:1   | Entered Level 1 of the Lair of Beasts
 10723 | Lair:1   | Reached skill level 10 in Armour
 10723 | Lair:1   | Reached skill level 10 in Shields
 11350 | Lair:1   | Reached skill level 12 in Axes
 11660 | Lair:1   | Noticed a four-headed hydra
 11675 | Lair:1   | Killed a four-headed hydra
 12068 | Lair:1   | Noticed an oklob plant
 12072 | Lair:1   | Killed an oklob plant
 12073 | Lair:1   | Identified the ring of Jeach {rPois Str+3 Dex+4}
 12161 | Lair:2   | Reached XP level 12. HP: 92/112 MP: 12/12
 12901 | Lair:2   | Reached skill level 13 in Axes
 13358 | Lair:2   | Noticed Sonja
 13368 | Abyss:2  | Cast into level 2 of the Abyss (Sonja)
 13415 | Abyss:2  | Noticed a starcursed mass
 13434 | Abyss:2  | Paralysed by accursed screaming for 2 turns
 13441 | Abyss:2  | Noticed a starcursed mass
 13475 | Abyss:2  | Found a corrupted altar of Lugonu.
 13523 | Abyss:2  | Noticed a starcursed mass
 13529 | Abyss:2  | Slain by a fenstrider witch skeleton

Illustrated notes

Levels and vault maps discovered:
D:1:      psy_arrival_conway, layout_basic
D:2:      layout_basic, shapermc_ecumenical_altar_hornbeckon,
          uniq_crazy_yiuf_cottage
D:3:      layout_basic, mainiacjoe_overflow_alcove_2, serial_shops, shop,
          chequers_big_river, kennysheep_generic_room_16
D:4:      layout_rooms
D:5:      layout_loops_ring, uniq_edmund, uniq_ijyb
D:6:      layout_gridville
D:7:      layout_cave_pools, nemelex_diamond_rough_becter,
          lemuel_temple_firewalk_a, uniq_duvessa
D:8:      layout_basic, ploomutoo_gammafunk_ghost_potion_laboratory
D:9:      layout_roguey, tgw_trog, lair_entry_dummy, minmay_liquid_box,
          minmay_misc_feat_four_crosses, kennysheep_generic_room_8,
          uniq_erolcha, uniq_erica
D:10:     layout_grid_maze, nicolae_overflows_in_rows, enter_bailey_3
Temple:   nicolae_temple_little_seven
Lair:1:   layout_regular_city, minmay_lair_oklob_items,
          infiniplex_staircase_pool
Lair:2:   layout_long_grid, minmay_shoals_entry_lonely_mermaid,
          guppyfry_snake_entry_island, lemuel_fruit_fields, uniq_sonja
Abyss:2:  base:
D:2

Skill      XL: |  1  2  3  4  5  6  7  8  9 10 11 12 |
---------------+-------------------------------------+-----
Axes           | 3 4 5 6 7 9 11 12 13 | 13.3
Fighting       | 4 5 6 7 9 10 11 12 | 12.6
Armour         | 4 5 7 8 9 11 | 11.6
Shields        | 4 5 7 8 9 11 | 11.6

Action                   |  1- 3 |  4- 6 |  7- 9 | 10-12 || total
-------------------------+-------+-------+-------+-------++-------
Melee: War axe           |    79 |     9 |       |       ||    88
       Mace              |       |    72 |   218 |   423 ||   713
Throw: Boomerang         |    27 |    29 |     2 |       ||    58
Invok: Potion Petition   |       |       |       |     2 ||     2
Evoke: Wand              |       |       |       |    11 ||    11
  Use: Potion            |       |     1 |     6 |    12 ||    19
       Scroll            |       |     6 |    10 |    12 ||    28
 Stab: Distracted        |       |       |       |     2 ||     2
Armor: Scale mail        |    54 |     2 |       |       ||    56
       Chain mail        |       |    40 |    17 |       ||    57
       Fire dragon scale |       |       |   132 |       ||   132
       Plate armour      |       |       |    48 |   345 ||   393
Dodge: Dodged            |    45 |    24 |   100 |   212 ||   381
Block: Buckler           |    27 |    19 |    14 |   271 ||   331
       Kite shield       |       |     7 |   130 |       ||   137

Table legend: (Time is in decaauts)
 A = Elapsed time spent in this place.
 B = Non-inter-level travel time spent in this place.
 C = Inter-level travel time spent in this place.
 D = Time resting spent in this place.
 E = Time spent auto-exploring this place.
 F = Levels seen in this place.
 G = Mean time per level.
                   A        B        C        D        E       F      G
               +--------+--------+--------+--------+--------+-----+--------+
         Total |  13751 |  13350 |    401 |   4048 |   6995 |  14 |  982.2 |
       Dungeon |  10850 |  10489 |    361 |   2696 |   6088 |  10 | 1085.0 |
        Temple |     20 |     20 |      0 |      0 |      0 |   1 |   20.0 |
          Lair |   2733 |   2694 |     39 |   1327 |    884 |   2 | 1366.5 |
         Abyss |    147 |    147 |      0 |     25 |     23 |   1 |  147.0 |
               +--------+--------+--------+--------+--------+-----+--------+

Top non-repeatable levels by time:
  Lair:1: 1996 daAuts
    D:10: 1853 daAuts
     D:5: 1482 daAuts
     D:7: 1420 daAuts
     D:9: 1215 daAuts
     D:6: 1151 daAuts
     D:3: 1004 daAuts
     D:2: 973 daAuts
  Lair:2: 736 daAuts
     D:8: 703 daAuts
     D:1: 602 daAuts
     D:4: 443 daAuts
 Abyss:2: 147 daAuts
  Temple: 20 daAuts
